 Dungeon Crawl Stone Soup version 0.31-a0-1574-g5526595cd0 (webtiles) character file.

Game seed: 2977076405100717996

83 burgermaster6969 the Covered (level 4, -2/40 HPs)
             Began as a Minotaur Fighter on Jan 4, 2024.
             Incinerated by a bombardier beetle (6 damage)
             ... with a burning spray
             ... on level 3 of the Dungeon.
             The game lasted 00:14:28 (2089 turns).

burgermaster6969 the Covered (Minotaur Fighter)     Turns: 2089, Time: 00:14:29

Health: -2/40      AC:  7    Str: 23    XL:     4   Next: 22%
Magic:  3/3        EV: 10    Int:  5    God:
Gold:   131        SH:  4    Dex:  9    Spells: 3/3 levels left

rFire   . . .        a - +0 trident
rCold   . . .        c - +0 buckler
rNeg    . . .        b - +0 scale mail
rPois   .            (helmet restricted)
rElec   .            (no cloak)
rCorr   .            (no gloves)
SInv    .            (no boots)
Will    .....        (no amulet) Stlth
                     (no ring)
HPRegen 0.26/turn    (no ring)
MPRegen 0.08/turn

%: no passive effects
@: mighty, on fire, glowing
A: horns 2, retaliatory headbutt
a: no special abilities


You were on level 3 of the Dungeon.
You visited 1 branch of the dungeon, and saw 3 of its levels.

You collected 131 gold pieces.

Inventory:

Hand Weapons
 a - a +0 trident (weapon)
 f - a +0 short sword
 l - a +2 quarterstaff of speed
Missiles
 i - 3 stones
Armour
 b - a +0 scale mail (worn)
 c - a +0 buckler (worn)
Wands
 m - a wand of light (5) (quivered)
Scrolls
 e - a scroll of revelation
 j - 2 scrolls of blinking {unknown}
 k - a scroll of vulnerability {unknown}
 n - a scroll of identify
 p - a scroll of amnesia {unknown}
 s - a scroll of poison {unknown}
 t - a scroll of immolation {unknown}
Potions
 g - 2 potions of enlightenment {unknown}
 h - a potion of ambrosia {unknown}
 o - a potion of berserk rage {unknown}
 q - a potion of brilliance {unknown}
 r - a potion of heal wounds {unknown}


   Skills:
 + Level 4.2 Fighting
 + Level 3.2 Polearms
 + Level 4.3 Armour
 + Level 1.6 Dodging
 + Level 4.2 Shields


You had 3 spell levels left.
You didn't know any spells.
Your spell library contained the following spells:

 Spells                   Type           Power      Damage    Failure   Level
 Ensorcelled Hibernation  Hex/Ice        0%         N/A       94%         2
 Fugue of the Fallen      Necr           0%         N/A       99%         3
 Ozocubu's Armour         Ice            0%         N/A       99%         3
 Anguish                  Hex/Necr       0%         N/A       100%        4
 Manifold Assault         Tloc           0%         N/A       100%        4


Dungeon Overview and Level Annotations

Branches:
Dungeon (3/15)

Altars:

Shops:
D:1 (

Annotations:
D:2 1 runed translucent door, Crazy Yiuf


Innate Abilities, Weirdness & Mutations

You have a pair of horns on your head.
You reflexively headbutt those who attack you in melee.


Message History

The bombardier beetle sprays incendiary fluid at you.
The burning spray hits you.
You are covered in liquid fire!
You reach to attack!
You barely miss the bombardier beetle.
The bombardier beetle is heavily wounded.
The liquid fire burns you!
You reach to attack!
You hit the bombardier beetle but do no damage.
The bombardier beetle is heavily wounded.
The liquid fire burns you!
You hit the bombardier beetle but do no damage.
The bombardier beetle is heavily wounded.
The liquid fire burns you!
The bombardier beetle sprays incendiary fluid at you.
The burning spray hits you.
You are even more covered in liquid fire!
You hit the bombardier beetle but do no damage.
The bombardier beetle is heavily wounded.
The liquid fire burns you!
You barely miss the bombardier beetle.
The bombardier beetle is heavily wounded.
The liquid fire burns you!
The bombardier beetle bites you but does no damage.
You hit the bombardier beetle.
The bombardier beetle is severely wounded.
The liquid fire burns you!
You hit the bombardier beetle.
Your headbutt misses the bombardier beetle.
The bombardier beetle is almost dead.
The liquid fire burns you!
* * * LOW HITPOINT WARNING * * *
You block the bombardier beetle's attack.
You feel very mighty all of a sudden. The liquid fire burns you!
* * * LOW HITPOINT WARNING * * *
The bombardier beetle bites you but does no damage.
You hit the bombardier beetle.
You kill the bombardier beetle!
The liquid fire burns you!
You die...

# #.#.##.....#
#.#######.#.##...).###
#....>...............#
#.#.#.#.....##.....#..
#...#.#.#......#######
#####.#.#...##.# #
#.#.######... #.#..
###.# #@### # #†# ###


.rr ... ..... ### ....... ##....... #........ +......... You could see a quokka
and a rat.

Vanquished Creatures
  An orc priest (D:3)
  A bombardier beetle (D:3)
  An adder (D:2)
  2 ribbon worms
  3 orcs (D:3)
  5 ball pythons
  A bat (D:3)
  3 endoplasms
  2 giant cockroaches
  3 goblins
  2 hobgoblins
  4 jackals (D:2)
  A frilled lizard (D:3)
  5 kobolds
  A rat (D:2)
35 creatures vanquished.

Notes
Turn   | Place    | Note
-------+----------+-------------------------------------------
     0 | D:1      | burgermaster6969 the Minotaur Fighter began the quest for
                  | the Orb.
     0 | D:1      | Reached XP level 1. HP: 19/19 MP: 0/0
    83 | D:1      | Found Jalisan's Weapon Boutique.
   338 | D:1      | Reached XP level 2. HP: 25/27 MP: 1/1
   679 | D:2      | Found a runed translucent door.
   680 | D:2      | Noticed Crazy Yiuf
   716 | D:2      | Reached skill level 1 in Dodging
   792 | D:2      | Reached XP level 3. HP: 32/33 MP: 2/2
  1681 | D:3      | Reached XP level 4. HP: 30/40 MP: 3/3
  2089 | D:3      | Incinerated by a bombardier beetle

Illustrated notes

Levels and vault maps discovered:
D:1:      zaba_arrival_water, layout_rooms, serial_shops,
          nicolae_shop_bloodbath_and_beyond
D:2:      layout_basic, minmay_tripent, uniq_crazy_yiuf_cottage
D:3:      minmay_chambers_of_threes, layout_basic, good_gods_temple_1,
          mainiacjoe_overflow_alcove_4

Skill      XL: |  1  2  3 |
---------------+----------+-----
Dodging        | 1 |  1.6
Armour         | 4 |  4.3
Shields        | 4 |  4.2
Fighting       | 4 |  4.2
Polearms       | 3 |  3.2

Action                     |  1- 3 |  4- 6 || total
---------------------------+-------+-------++-------
  Melee: Trident           |    69 |    24 ||    93
         Headbutt          |     3 |     3 ||     6
  Evoke: Wand              |     2 |     1 ||     3
    Use: Scroll            |       |     1 ||     1
         Potion            |       |     1 ||     1
   Stab: Invisible         |     1 |       ||     1
 Armour: Scale mail        |    35 |     8 ||    43
  Dodge: Dodged            |    24 |     7 ||    31
  Block: Buckler           |     8 |     4 ||    12

Table legend: (Time is in decaauts)
 A = Elapsed time spent in this place.
 B = Non-inter-level travel time spent in this place.
 C = Inter-level travel time spent in this place.
 D = Time resting spent in this place.
 E = Time spent auto-exploring this place.
 F = Levels seen in this place.
 G = Mean time per level.
                   A        B        C        D        E       F      G
               +--------+--------+--------+--------+--------+-----+--------+
         Total |   2111 |   2076 |     35 |      0 |    315 |   3 |  703.7 |
       Dungeon |   2111 |   2076 |     35 |      0 |    315 |   3 |  703.7 |
               +--------+--------+--------+--------+--------+-----+--------+

Top non-repeatable levels by time:
     D:2: 1128 daAuts
     D:1: 556 daAuts
     D:3: 426 daAuts
